 Dungeon Crawl Stone Soup version 0.26-a0-812-g31a745ddcd (webtiles) character file.

Game seed: 15596193397371970172

213 Borgoz the Cudgeller (level 5, -6/32 HPs)
             Began as a Gargoyle Gladiator on Dec 8, 2020.
             Mangled by a gnoll
             ... wielding a +0 halberd
              (11 damage)
             ... on level 1 of the Dungeon.
             The game lasted 00:01:30 (1252 turns).

Borgoz the Cudgeller (Gargoyle Gladiator)           Turns: 1252, Time: 00:01:30

Health: -6/32      AC:  8    Str: 19    XL:     5   Next: 90%
Magic:  5/5        EV: 12    Int:  8    God:
Gold:   64         SH:  0    Dex: 11    Spells: 4/4 levels left

rFire    . . .     SeeInvis .   a - +0 flail
rCold    . . .     Faith    .   (no shield)
rNeg     + . .     Spirit   .   b - +0 leather armour
rPois    ∞         Reflect  .   c - +0 helmet
rElec    +         Harm     .   (no cloak)
rCorr    .         Rampage  .   (no gloves)
MR       .....                  (no boots)
Stlth    +.........             (no amulet)
HPRegen  0.10/turn              (no ring)
MPRegen  0.09/turn              (no ring)

@: no status effects
A: negative energy resistance 1, electricity resistance, unbreathing,
petrification resistance, rot immunity, AC +4
a: no special abilities


You were on level 1 of the Dungeon.
You visited 1 branch of the dungeon, and saw 2 of its levels.

You collected 64 gold pieces.

Inventory:

Hand Weapons
 a - a +0 flail (weapon)
Missiles
 d - a throwing net (quivered)
Armour
 b - a +0 leather armour (worn)
 c - a +0 helmet (worn)
Scrolls
 g - a scroll of identify {unknown}
 h - a scroll of enchant weapon {unknown}
 j - 3 scrolls of teleportation {unknown}
 k - a scroll of remove curse {unknown}


   Skills:
 + Level 3.5 Fighting
 * Level 4.6 Maces & Flails
 - Level 1.7 Throwing
 + Level 2.3 Armour
 + Level 3.1 Dodging


You had 4 spell levels left.
You didn't know any spells.
Your spell library was empty.

Dungeon Overview and Level Annotations

Branches:
Dungeon (2/15)

Altars:


Innate Abilities, Weirdness & Mutations

You are resistant to torment.
Your stone body is resilient. (AC +4)
You are immune to poison.
You resist negative energy. (rN+)
You are resistant to electric shocks. (rElec)
You can survive without breathing.
You are immune to petrification.
You are immune to rotting.


Message History

You feel better. The jackal closely misses you.
The gnoll hits you from afar with a +0 halberd.
* * * LOW HITPOINT WARNING * * *
Throwing (i - inventory)
d - 2 throwing nets (quivered)
Press: ? - help, Shift-Dir - straight line, f - jackal
Aim: a jackal You throw a throwing net.
The throwing net hits the jackal.
The jackal is caught in the net!
The jackal struggles against the net.
You hit the jackal but do no damage.
The jackal struggles against the net.
The gnoll barely misses you.
The jackal struggles against the net.
The net rips apart, and the jackal comes free!
You hit the jackal.
The jackal is almost dead.
The jackal barely misses you. The gnoll completely misses you.
The jackal closely misses you.
You sock the jackal!
You kill the jackal!
The gnoll barely misses you. The gnoll hits you with a +0 halberd!
You die...

#.# #.##(.#.#
#.#####.##..#.#
#......>....#.#
####.....#.#..#
#.......#.##
#...>.###.#
#....####.#
#.#g##....#
#.#@##.#### #.#.##.#
# #.#.##.# ##
#.#.##.# ########.
#.#.##.### #........
#.#.##...# #.##.#.#.
#.#.####.# #.#.###.#
#.#.## #.# #..## ##.
#.#..###.###..(###.#


You could see a gnoll.

Vanquished Creatures
  Sigmund (D:2)
  A gnoll (D:2)
  A dart slug (D:1)
  2 leopard geckos (D:1)
  4 goblins
  7 hobgoblins
  10 jackals (D:1)
  A bat (D:1)
  2 frilled lizards (D:1)
  A kobold (D:1)
  4 rats
34 creatures vanquished.

Notes
Turn   | Place    | Note
-------+----------+-------------------------------------------
     0 | D:1      | Borgoz the Gargoyle Gladiator began the quest for the Orb.
     0 | D:1      | Reached XP level 1. HP: 12/12 MP: 1/1
   198 | D:1      | Reached XP level 2. HP: 12/18 MP: 2/2
   396 | D:1      | Reached skill level 1 in Armour
   514 | D:1      | Reached XP level 3. HP: 18/22 MP: 3/3
   921 | D:2      | Noticed Sigmund
   938 | D:2      | Killed Sigmund
   938 | D:2      | Reached skill level 4 in Maces & Flails
   938 | D:2      | Reached XP level 4. HP: 5/28 MP: 4/4
   938 | D:2      | Reached XP level 5. HP: 5/32 MP: 5/5
  1246 | D:1      | HP: 1/32 [gnoll/+0 halberd (6)]
  1252 | D:1      | Mangled by a gnoll

Illustrated notes

Levels and vault maps discovered:
D:1:      saegor_arrival_simple_c, layout_loops_ring
D:2:      layout_basic, uniq_sigmund, uniq_robin

Skill      XL: |  1  2  3 |
---------------+----------+-----
Armour         | 1 2 |  2.3
Fighting       | 3 |  3.5
Maces & Flails | 4 |  4.6
Dodging        | 3 |  3.1
Throwing       | |  1.7

Action                   |  1- 3 |  4- 6 || total
-------------------------+-------+-------++-------
Melee: Flail             |   102 |    17 ||   119
Throw: Throwing net      |     2 |     1 ||     3
  Use: Potion            |     3 |     1 ||     4
Armor: Leather armour    |    47 |     5 ||    52
       Skin              |     9 |     3 ||    12
Dodge: Dodged            |    75 |    20 ||    95

Table legend: (Time is in decaauts)
 A = Elapsed time spent in this place.
 B = Non-inter-level travel time spent in this place.
 C = Inter-level travel time spent in this place.
 D = Time resting spent in this place.
 E = Time spent auto-exploring this place.
 F = Levels seen in this place.
 G = Mean time per level.
                   A        B        C        D        E       F      G
               +--------+--------+--------+--------+--------+-----+--------+
         Total |   1280 |   1244 |     36 |    433 |    541 |   2 |  640.0 |
       Dungeon |   1280 |   1244 |     36 |    433 |    541 |   2 |  640.0 |
               +--------+--------+--------+--------+--------+-----+--------+

Top non-repeatable levels by time:
     D:1: 1075 daAuts
     D:2: 205 daAuts
